 Dungeon Crawl Stone Soup version 0.16.0-12-g7215832 (webtiles) character file.

179 Sorcv the Covert (level 5, -3/28 HPs)
             Began as a Kobold Enchanter on Mar 18, 2015.
             Slain by a river rat (10 damage)
             ... in a sewer.
             The game lasted 00:07:21 (2267 turns).

Sorcv the Covert (Kobold Enchanter)                 Turns: 2267, Time: 00:07:21

Health: -3/28      AC:  6    Str:  7    XL:     5   Next: 90%
Magic:  2/9        EV: 15    Int: 13    God:
Gold:   163        SH:  0    Dex: 17    Spells: 3 memorised, 2 levels left

rFire  . . .     SeeInvis .     y - +2 short sword (holy)
rCold  . . .     Clarity  .     b - +1 robe
rNeg   . . .     SustAb   .     (no shield)
rPois  .         Gourm    .     r - +0 helmet
rElec  .         Spirit   .     o - +0 cloak
rCorr  .         Warding  .     n - +0 pair of gloves
rMut   .         Stasis   .     (no boots)
MR     .....                    (no amulet)
Stlth  +++++.....               (no ring)
                                (no ring)

@: not resistant to hostile enchantments, quite stealthy
A: carnivore 3
a: no special abilities


You were in a sewer.
You were not hungry.

You visited 1 branch of the dungeon, and saw 3 of its levels.
You also visited: Sewer.

You collected 163 gold pieces.

Inventory:

Hand weapons
 a - a +1 dagger
 y - a +2 short sword of holy wrath (weapon)
Armour
 b - a +1 robe (worn)
 n - a +0 pair of gloves (worn)
 o - a +0 cloak (worn)
 r - a +0 helmet (worn)
Scrolls
 g - 2 scrolls of amnesia {unknown}
 k - a scroll of immolation {unknown}
 l - 2 scrolls of identify {unknown}
 m - 2 scrolls of remove curse {unknown}
 p - a scroll of random uselessness {unknown}
 q - a scroll of recharging {unknown}
 t - a scroll of blinking {unknown}
 u - a scroll of noise {unknown}
 v - a scroll of teleportation {unknown}
 x - a scroll of fog {unknown}
Potions
 e - 2 potions of restore abilities {unknown}
 f - a potion of curing
 i - 2 potions of ambrosia {unknown}
 j - a potion of invisibility {unknown}
 w - a potion of decay {unknown}
 z - 2 potions of flight {unknown}
Books
 c - a book of Maledictions

   Spells                             Type                      Level
   a - Corona                         Hexes                        1
   b - Sure Blade                     Hexes/Charms                 2
   c - Ensorcelled Hibernation        Hexes/Ice                    2
   d - Confuse                        Hexes                        3
   e - Dazzling Spray                 Conjuration/Hexes            3
   f - Enslavement                    Hexes                        4
Comestibles
 d - 2 meat rations
 h - a beef jerky
 s - a royal jelly


   Skills:
 - Level 1.3 Short Blades
 - Level 2.4 Dodging
 + Level 8.6 Stealth
 - Level 2.0 Spellcasting
 - Level 3.0 Hexes


You had 2 spell levels left.
You knew the following spells:

 Your Spells              Type           Power        Failure   Level  Hunger
a - Corona                Hex            #......      10%         1    ##.....
b - Ensorcelled Hibernat  Hex/Ice        #.....       21%         2    ###....
c - Confuse               Hex            #.......     21%         3    ####...


Dungeon Overview and Level Annotations

Branches:
Dungeon (3/15)

Altars:


Innate Abilities, Weirdness & Mutations

You are small and have problems with some larger weapons.
You are carnivorous and can eat meat at any time.


Message History

Confirm with . or Enter, or press ? or * to list all spells.
Aiming: Ensorcelled Hibernation
Press: ? - help, Shift-Dir - straight line, f/p - adder
Aim: an adder (chance 46%)
The adder looks drowsy...
The ball python barely misses you. The ball python misses you.
The river rat misses you. The ball python completely misses you.
The ball python barely misses you.
The helpless adder fails to defend itself.
You impale the adder!!!
You kill the adder!
The ball python bites you but does no damage.
The ball python barely misses you.
The river rat bites you but does no damage.
You hit the ball python but do no damage.
The ball python bites you.
* * * LOW HITPOINT WARNING * * *
The ball python misses you. The river rat misses you.
You barely miss the ball python. The ball python misses you.
The ball python barely misses you. The river rat bites you!
You die...

..≈≈≈≈≈≈..÷###†#
#..≈≈≈≈≈....#..#
##..≈≈≈≈≈≈.....##
..#..≈≈≈≈≈≈......#
.......≈≈≈.≈....##
......≈≈≈≈≈.....##
#.....≈≈≈≈.......##
#......≈≈≈........##
#.....≈≈≈.S@....#..#
#......≈≈≈r....###.#
r.....≈≈≈......###∩#
..##...≈≈.......####
##..≈≈≈≈...†.##
#..≈≈≈≈......#
..≈≈≈≈.......##
≈≈≈≈≈≈≈......#
≈≈≈≈≈≈≈......#


You could see a river rat and a ball python.

Vanquished Creatures
  4 adders
  4 gnolls (D:2)
  2 river rats (Sewer)
  A giant mite (D:3)
  4 worms
  An ooze (D:1)
  An orc (D:3)
  5 bats
  3 giant cockroaches
  5 goblins
  7 hobgoblins
  12 kobolds
  3 ball pythons (D:3)
  A giant gecko (D:3)
  12 rats
65 creatures vanquished.

Notes
Turn   | Place    | Note
--------------------------------------------------------------
     0 | D:1      | Sorcv, the Kobold Enchanter, began the quest for the Orb.
     0 | D:1      | Reached XP level 1. HP: 10/10 MP: 3/3
   177 | D:1      | Reached XP level 2. HP: 10/15 MP: 4/4
   229 | D:1      | Reached skill level 5 in Stealth
   774 | D:2      | Reached XP level 3. HP: 10/19 MP: 6/6
   823 | D:2      | Learned a level 2 spell: Ensorcelled Hibernation
   827 | D:2      | Learned a level 3 spell: Confuse
   845 | D:2      | Reached skill level 6 in Stealth
   982 | D:2      | Reached XP level 4. HP: 24/24 MP: 2/7
   995 | D:2      | Reached skill level 7 in Stealth
  1578 | D:3      | Reached XP level 5. HP: 28/28 MP: 6/9
  1958 | D:3      | Found a glowing drain.
  1974 | D:3      | Reached skill level 8 in Stealth
  1981 | Sewer    | Entered a sewer
  2267 | Sewer    | Slain by a river rat

Action                   |  1- 3 |  4- 6 || total
-------------------------+-------+-------++-------
Melee: Dagger            |    74 |    32 ||   106
       Short sword       |       |    38 ||    38
 Cast: Ensorcelled Hiber |     3 |    11 ||    14
       Corona            |     1 |       ||     1
  Use: Potion            |       |     3 ||     3
 Stab: Sleeping          |     8 |    21 ||    29
  Eat: Chunk             |     5 |     4 ||     9
